 Dungeon Crawl Stone Soup version 0.30-a0-739-gea05faddec (webtiles) character file.

Game seed: 6920554667767488162

55043 Crownlay the Thaumaturge (level 14, -5/163 HPs)
             Began as a Gnoll Ice Elementalist on Feb 3, 2023.
             Was a Priest of Uskayaw.
             Slain by a stone giant (38 damage)
             ... on level 1 of the Orcish Mines on Feb 4, 2023.
             The game lasted 00:47:30 (19741 turns).

Crownlay the Thaumaturge (Gnoll Ice Elementalist)  Turns: 19741, Time: 00:47:30

Health: -5/163     AC: 15    Str: 12    XL:     14   Next: 75%
Magic:  29/29      EV: 17    Int: 21    God:    Uskayaw [***...]
Gold:   1596       SH: 13    Dex: 16    Spells: 16/35 levels left

rFire   . . .      SeeInvis +    V - +2 war axe (flame)
rCold   + + .      Faith    .    y - +1 buckler {AC+3}
rNeg    + + .      Spirit   .    u - +3 leather armour of Omission {rN++ Int+3}
rPois   +          Reflect  +    A - +0 hat
rElec   .          Harm     .    M - +1 cloak {rCorr}
rCorr   +          Rampage  .    w - +1 pair of gloves of the Moon {rCorr Str+3 SInv}
Will    ++...                    (no boots) Stlth
                                 O - amulet of reflection
HPRegen 0.47/turn                x - ring of the Hart {rPois rCorr Dex+3}
MPRegen 0.21/turn                C - ring "Dounwo" {rC++ Will+}

@: berserking, studying Necromancy, silenced, very quick
A: fangs 1, strong nose, distributed training
a: Renounce Religion


You were on level 1 of the Orcish Mines.
You worshipped Uskayaw.
Uskayaw was aware of your devotion.
You visited 4 branches of the dungeon, and saw 18 of its levels.
You also visited: Ossuary.

You collected 2035 gold pieces.
You spent 439 gold pieces at shops.

Inventory:

Hand Weapons
 V - a +2 war axe of flaming (weapon)
Missiles
 a - a throwing net
 i - 7 boomerangs of dispersal
 K - 10 curare-tipped darts
Armour
 s - a +2 cloak
 u - the +3 leather armour of Omission (worn) {rN++ Int+3}
   (You found it on level 3 of the Dungeon)

   Int:       It affects your intelligence (+3).
   rN:        It greatly protects you from negative energy.
 w - the +1 pair of gloves of the Moon (worn) {rCorr Str+3 SInv}
   (You acquired it on level 6 of the Dungeon)

   Str:       It affects your strength (+3).
   SInv:      It lets you see invisible.
   rCorr:     It protects you from acid and corrosion.
 y - a +1 buckler of protection (worn)
 A - a +0 hat (worn)
 M - a +1 cloak of preservation (worn)
Magical Staves
 f - a staff of cold
Jewellery
 x - the ring of the Hart (left hand) {rPois rCorr Dex+3}
   (You found it on level 4 of the Dungeon)

   [ring of resist corrosion]

   Dex:       It affects your dexterity (+3).
   rPois:     It protects you from poison.
   rCorr:     It protects you from acid and corrosion.
 C - the ring "Dounwo" (right hand) {rC++ Will+}
   (You found it on level 6 of the Dungeon)

   [ring of willpower]

   rC:        It greatly protects you from cold.
   Will:      It increases your willpower.
 J - a ring of flight
 O - an amulet of reflection (around neck)
 R - a +6 ring of intelligence
 U - an amulet of faith
 W - a ring of magical power
Wands
 o - a wand of light (7)
 z - a wand of charming (11)
 G - a wand of roots (5)
 L - a wand of polymorph (25)
 P - a wand of mindburst (4)
 Q - a wand of flame (2)
Scrolls
 c - 7 scrolls of fear
 d - a scroll of silence
 e - 13 scrolls of fog
 g - 7 scrolls of teleportation
 k - 2 scrolls of magic mapping
 l - 5 scrolls of identify
 q - 6 scrolls of blinking
 r - 3 scrolls of poison
 D - 3 scrolls of amnesia
 E - 2 scrolls of immolation
 F - 3 scrolls of enchant armour
Potions
 b - 2 potions of magic
 h - 2 potions of lignification
 j - 4 potions of curing
 m - 3 potions of flight
 n - 3 potions of resistance
 p - 3 potions of cancellation
 t - 5 potions of heal wounds
 v - 5 potions of haste
 B - 5 potions of mutation
 H - 2 potions of invisibility
 I - a potion of attraction
 N - 4 potions of ambrosia
 S - 2 potions of might
 T - 2 potions of brilliance


   Skills:
 + Level 9.8 Fighting
 + Level 9.8 Short Blades
 + Level 9.8 Long Blades
 + Level 9.8 Axes
 + Level 9.8 Maces & Flails
 + Level 9.8 Polearms
 + Level 9.8 Staves
 + Level 9.8 Ranged Weapons
 + Level 9.8 Throwing
 + Level 9.8 Armour
 + Level 10.9 Dodging
 + Level 10.7 Stealth
 + Level 9.8 Shields
 + Level 9.8 Unarmed Combat
 + Level 11.0 Spellcasting
 + Level 8.2 Conjurations
 + Level 8.2 Hexes
 + Level 8.2 Summonings
 + Level 8.3 Necromancy
 + Level 8.2 Translocations
 + Level 8.2 Transmutations
 + Level 8.2 Fire Magic
 + Level 10.9 Ice Magic
 + Level 8.2 Air Magic
 + Level 8.2 Earth Magic
 + Level 8.2 Poison Magic
 + Level 10.7 Invocations
 + Level 9.8 Evocations


You had 16 spell levels left.
You knew the following spells:

 Your Spells              Type           Power      Damage    Failure   Level
a - Freeze                Ice            100%       1d10      1%          1
b - Frozen Ramparts       Ice            100%       1d16      1%          3
c - Ozocubu's Armour      Ice            55%        N/A       1%          3
d - Tukima's Dance        Hex            46%        N/A       1%          3
e - Summon Ice Beast      Ice/Summ       51%        N/A       1%          4
f - Summon Forest         Summ/Tloc      23%        N/A       9%          5

Your spell library contained the following spells:

 Spells                   Type           Power      Damage    Failure   Level
 Summon Small Mammal      Summ           100%       N/A       1%          1
 Lesser Beckoning         Tloc           92%        N/A       1%          2
 Static Discharge         Conj/Air       92%        2-6/arc   1%          2
 Sublimation of Blood     Necr           46%        N/A       1%          2
 Call Canine Familiar     Summ           46%        N/A       1%          3
 Gell's Gravitas          Tloc           46%        N/A       1%          3
 Ignite Poison            Fire/Tmut/Pois 46%        N/A       1%          3
 Kindle Blastsparks       Fire/Tloc/Air  92%        2d17      1%          3
 Portal Projectile        Hex/Tloc       92%        N/A       1%          3
 Summon Guardian Golem    Hex/Summ       46%        N/A       1%          3
 Teleport Other           Tloc           46%        N/A       1%          3
 Vhi's Electric Charge    Tloc/Air       92%        N/A       1%          3
 Anguish                  Hex/Necr       23%        N/A       3%          4
 Cause Fear               Hex            23%        N/A       3%          4
 Iskenderun's Mystic Bla  Conj/Tloc      46%        2d10      3%          4
 Passage of Golubria      Tloc           46%        N/A       3%          4
 Petrify                  Tmut/Erth      46%        N/A       3%          4
 Sticky Flame             Conj/Fire      46%        2d6       3%          4
 Freezing Cloud           Conj/Ice/Air   25%        6-21      6%          5
 Arcjolt                  Conj/Air       23%        1d33      9%          5
 Blade Hands              Tmut           23%        N/A       9%          5
 Irradiate                Conj/Tmut      23%        3d19      9%          5
 Lightning Bolt           Conj/Air       23%        1d38      9%          5
 Silence                  Hex/Air        23%        N/A       9%          5
 Conjure Ball Lightning   Conj/Air       23%        3x3d6     41%         6
 Eringya's Noxious Bog    Tmut/Pois      23%        N/A       41%         6
 Ozocubu's Refrigeration  Ice            27%        4d13      63%         7
 Dragon Form              Tmut           23%        N/A       94%         7
 Enfeeble                 Hex            23%        N/A       94%         7
 Summon Hydra             Summ           23%        N/A       94%         7
 Discord                  Hex            23%        N/A       100%        8
 Disjunction              Tloc           23%        N/A       100%        8
 Ignition                 Fire           23%        3d8       100%        8
 Lehudib's Crystal Spear  Conj/Erth      23%        10d6      100%        8
 Dragon's Call            Summ           23%        N/A       100%        9


Dungeon Overview and Level Annotations

Branches:
Dungeon (11/15)            Temple (1/1) D:6            Lair (5/5) D:11
 Shoals (0/4) Lair:3       Spider (0/4) Lair:2        Slime (0/5) Lair:4
    Orc (1/2) D:9         Ossuary (visited)

Altars:
Ashenzari
Makhleb
Nemelex Xobeh
Qazlal
Ru
Sif Muna
Trog
Uskayaw
Vehumet
Xom
Yredelemnul
Zin
Jiyva

Shops:
D:2 [   D:3 *   D:11 (

Annotations:
Lair:4 1 runed translucent door, exclusion: ice statue, rigao's ghost, journeyman GrNe
Lair:5 3 runed translucent doors, flestrin's ghost, journeyman TrBe
Orc:1 1 transporter, 1 runed translucent door


Innate Abilities, Weirdness & Mutations

You have very sharp teeth.
Your uncanny sense of smell can sniff out nearby items.
Your experience applies equally to all skills.


Message History

A red film seems to cover your vision as you go berserk!
You feel yourself moving faster!
You feel mighty! The deep troll bites you. The deep troll claws you.
You block the deep troll's attack.
You slash the deep troll! You burn the deep troll.
The deep troll is heavily wounded.
The deep troll misses you.
The deep troll claws you but does no damage.
The deep troll claws you!!
You slash the deep troll! You burn the deep troll.
The deep troll is severely wounded.
You block the deep troll's attack. The deep troll barely misses you.
The deep troll claws you!!
* * * LOW HITPOINT WARNING * * *
You slash the deep troll! You burn the deep troll.
The deep troll is almost dead.
The deep troll closely misses you. You block the deep troll's attack. x2
Uskayaw will force your foes to helplessly watch your dance.
Uskayaw prepares the audience for your solo!
The helpless deep troll fails to defend itself.
You hit the deep troll. You burn the deep troll. You bite the deep troll.
You kill the deep troll!
The troll leather armour is intact enough to wear.
There is a large open door, spattered with blood here.
Things that are here:
a +0 troll leather armour; a deep troll corpse You slash the stone giant!
You burn the stone giant.
The stone giant is moderately wounded.
You block the stone giant's attack.
The moth of wrath goads the stone giant on!
The stone giant goes berserk!
You hit the stone giant. You burn the stone giant.
The stone giant is moderately wounded.
The moth of wrath is no longer paralysed.
The stone giant hits you!
* * * LOW HITPOINT WARNING * * *
The silent spectre flickers into the darkness.
You completely miss the stone giant. You bite the stone giant.
The stone giant is moderately wounded.
The stone giant hits you!!!
You die...

....)....###.##.......##...#
#....).### ####.......######
.......# #.......# ......)#
#.......# .......# ###.©.###
.....).# #y#####y# .....).#
########## .).#...#
##..'.©.+.. ..)))..#
#..C@.÷.+ . .......#
#....#...# .....><#
#☼#..####### ∆ .).....# ###.
#y##W## .......# e# .## +#
.......# #e ...$∆∆_:$∆
.......# # #. ..∆∆[)$.
.......# e#. ⌠. ∆)=..⌠
.......# ......


You could see a stone giant (berserk), 2 deep elf annihilators, 2 moths of
wrath, a silent spectre (silencing) and a deep elf pyromancer.

Vanquished Creatures
  Snorg (D:11)
  Josephine (D:11)
  3 hydras
  Erolcha (D:9)
  Erica (Lair:1)
  A catoblepas (Lair:4)
  2 boulder beetles
  A two-headed ogre (D:9)
  Sonja (Lair:1)
  Amaemon (D:8)
  A goliath frog (Lair:5)
  A deep troll (Orc:1)
  Lodul (D:11)
  A wizard (D:11)
  An oklob plant (Lair:5)
  A manticore (D:11)
  Maurice (D:8)
  7 elephants
  A black mamba (Lair:1)
  2 gargoyles
  Psyche (D:11)
  3 torpor snails
  Maggie (Lair:2)
  26 cane toads
  An unseen horror (D:11)
  2 rime drakes
  An orange demon (D:8)
  7 komodo dragons
  2 trolls
  8 polar bears
  A queen bee (D:11)
  2 tyrant leeches (Lair:5)
  18 blink frogs
  12 dream sheep
  2 slime creatures (D:10)
  A basilisk (Lair:4)
  5 wraiths (D:11)
  33 yaks
  4 wyverns
  A redback (Lair:2)
  7 vampire mosquitoes
  14 water moccasins
  9 orc warriors
  8 ice beasts
  5 black bears
  8 ogres
  7 wolves
  3 centaurs
  11 bullfrogs
  3 kobold brigands
  3 scorpions
  A ballistomycete (D:11)
  19 killer bees (D:11)
  6 howler monkeys
  Crazy Yiuf (D:2)
  8 orc priests
  5 hounds
  A human zombie (D:7)
  2 iguanas (D:6)
  Jessica (D:2)
  4 hell rats (Lair:1)
  12 orc wizards
  8 mummies (Ossuary)
  12 gnolls
  7 adders
  2 shadow imps
  3 white imps
  3 nameless horrors
  An ufetubus (D:4)
  A worm (D:2)
  3 dart slugs
  41 orcs
  6 bats
  9 endoplasms
  5 giant cockroaches
  6 goblins
  8 hobgoblins
  4 jackals
  17 kobolds
  4 quokkas
  8 ball pythons
  2 frilled lizards
  3 hobgoblin zombies (Ossuary)
  3 kobold zombies (Ossuary)
  2 orc zombies (Ossuary)
  5 rats
  A ballistomycete spore (D:11)
463 creatures vanquished.

Vanquished Creatures (collateral kills)
  A two-headed ogre (D:10)
  A goliath frog (Lair:5)
  An oklob plant (D:11)
  A slime creature (D:10)
  A cane toad (Lair:1)
  2 rime drakes (Lair:4)
  3 komodo dragons
  A tyrant leech (Lair:5)
  A polar bear (Lair:2)
  A dream sheep (Lair:3)
  2 blink frogs (Lair:1)
  A vampire mosquito (D:11)
  A water moccasin (Lair:1)
  3 orc warriors (Orc:1)
  2 ogres (Orc:1)
  A wolf (Lair:2)
  2 bullfrogs
  An orc priest (Orc:1)
  2 hell rats (Lair:1)
  A shadow imp (D:8)
  10 orcs (Orc:1)
39 creatures vanquished.

Vanquished Creatures (others)
  A dancing weapon (D:8)
  A ballistomycete spore (D:11)
  35 fungi
  96 plants
  4 snaplasher vines
137 creatures vanquished.

Grand Total: 639 creatures vanquished

Notes
Turn   | Place    | Note
-------+----------+-------------------------------------------
     0 | D:1      | Crownlay the Gnoll Ice Elementalist began the quest for the
                  | Orb.
     0 | D:1      | Reached XP level 1. HP: 13/13 MP: 6/6
   245 | D:1      | Reached XP level 2. HP: 19/19 MP: 5/7
   492 | D:1      | Reached skill level 5 in Spellcasting
   492 | D:1      | Reached XP level 3. HP: 25/25 MP: 6/9
   502 | D:1      | Learned a level 3 spell: Frozen Ramparts
   506 | D:1      | Learned a level 3 spell: Ozocubu's Armour
   623 | D:1      | Reached skill level 1 in Invocations
   948 | D:2      | Reached skill level 1 in Fighting
   948 | D:2      | Reached skill level 1 in Short Blades
   948 | D:2      | Reached skill level 1 in Long Blades
   948 | D:2      | Reached skill level 1 in Axes
   948 | D:2      | Reached skill level 1 in Maces & Flails
   948 | D:2      | Reached skill level 1 in Polearms
   948 | D:2      | Reached skill level 1 in Staves
   948 | D:2      | Reached skill level 1 in Ranged Weapons
   948 | D:2      | Reached skill level 1 in Throwing
   948 | D:2      | Reached skill level 1 in Armour
   948 | D:2      | Reached skill level 1 in Shields
   948 | D:2      | Reached skill level 1 in Unarmed Combat
   948 | D:2      | Reached skill level 1 in Evocations
  1065 | D:2      | Reached XP level 4. HP: 21/32 MP: 3/11
  1066 | D:2      | Noticed Jessica
  1070 | D:2      | Reached skill level 1 in Conjurations
  1070 | D:2      | Reached skill level 1 in Hexes
  1070 | D:2      | Reached skill level 1 in Summonings
  1070 | D:2      | Reached skill level 1 in Necromancy
  1070 | D:2      | Reached skill level 1 in Translocations
  1070 | D:2      | Reached skill level 1 in Transmutations
  1070 | D:2      | Reached skill level 1 in Fire Magic
  1070 | D:2      | Reached skill level 1 in Air Magic
  1070 | D:2      | Reached skill level 1 in Earth Magic
  1070 | D:2      | Reached skill level 1 in Poison Magic
  1070 | D:2      | Killed Jessica
  1245 | D:2      | Reached XP level 5. HP: 37/37 MP: 4/12
  1621 | D:2      | Found a runed translucent door.
  1622 | D:2      | Noticed Crazy Yiuf
  1649 | D:2      | Found Gunutakk's Armour Emporium.
  1851 | D:2      | Killed Crazy Yiuf
  1957 | D:3      | Found Eshoonad's General Store.
  1962 | D:3      | Bought a scroll of fog for 44 gold pieces
  1962 | D:3      | Bought a potion of heal wounds for 55 gold pieces
  1965 | D:3      | Identified the +3 leather armour of Omission {rN++ Int+3}
  2255 | D:3      | Learned a level 3 spell: Tukima's Dance
  2298 | D:3      | Reached XP level 6. HP: 44/44 MP: 6/13
  2314 | D:3      | Reached skill level 5 in Dodging
  3266 | D:4      | Noticed a black bear
  3272 | D:4      | Killed a black bear
  3273 | D:4      | Reached XP level 7. HP: 47/51 MP: 8/15
  3327 | D:4      | Learned a level 4 spell: Summon Ice Beast
  3556 | D:4      | Identified the ring of the Hart {rPois rCorr Dex+3}
  3979 | D:5      | Entered Level 5 of the Dungeon
  4356 | D:5      | Reached skill level 5 in Stealth
  4937 | D:5      | Reached XP level 8. HP: 58/58 MP: 12/16
  5186 | D:6      | Identified the ring "Dounwo" {rC++ Will+}
  5478 | D:6      | Found a staircase to the Ecumenical Temple.
  5508 | D:6      | Reached skill level 6 in Spellcasting
  5512 | Temple   | Entered the Ecumenical Temple
  5586 | Temple   | Became a worshipper of Uskayaw the Reveller
  5724 | D:6      | Reached * piety under Uskayaw
  5901 | D:6      | Identified a scroll of acquirement
  5904 | D:6      | Acquired the +1 pair of gloves of the Moon {rCorr Str+3
                  | SInv}
  5964 | D:6      | Reached ** piety under Uskayaw
  6048 | D:7      | Reached *** piety under Uskayaw
  6052 | D:7      | Reached **** piety under Uskayaw
  6104 | D:7      | Found a sand-covered staircase.
  6128 | Ossuary  | Entered an ossuary
  6204 | Ossuary  | Reached ***** piety under Uskayaw
  6854 | D:7      | Reached XP level 9. HP: 64/65 MP: 14/18
  7363 | D:3      | Bought a scroll of noise for 11 gold pieces
  7363 | D:3      | Bought a scroll of silence for 104 gold pieces
  7363 | D:3      | Bought a scroll of vulnerability for 44 gold pieces
  7406 | D:2      | Bought a +1 buckler of protection for 181 gold pieces
  7873 | D:8      | Noticed Maurice
  7880 | D:8      | Killed Maurice
  7881 | D:8      | Reached skill level 5 in Invocations
  8070 | D:8      | Upgraded the game from 0.30-a0-738-g116ff8c4af to
                  | 0.30-a0-739-gea05faddec
  8182 | D:8      | Noticed Amaemon
  8185 | D:8      | Noticed an orange demon
  8196 | D:8      | Killed Amaemon
  8197 | D:8      | Reached skill level 5 in Fighting
  8197 | D:8      | Reached skill level 5 in Short Blades
  8197 | D:8      | Reached skill level 5 in Long Blades
  8197 | D:8      | Reached skill level 5 in Axes
  8197 | D:8      | Reached skill level 5 in Maces & Flails
  8197 | D:8      | Reached skill level 5 in Polearms
  8197 | D:8      | Reached skill level 5 in Staves
  8197 | D:8      | Reached skill level 5 in Ranged Weapons
  8197 | D:8      | Reached skill level 5 in Throwing
  8197 | D:8      | Reached skill level 5 in Armour
  8197 | D:8      | Reached skill level 5 in Shields
  8197 | D:8      | Reached skill level 5 in Unarmed Combat
  8197 | D:8      | Reached skill level 7 in Spellcasting
  8197 | D:8      | Reached skill level 5 in Evocations
  8197 | D:8      | Reached XP level 10. HP: 74/74 MP: 6/20
  8200 | D:8      | Killed an orange demon
  8906 | D:9      | Reached ****** piety under Uskayaw
  9108 | D:9      | Found a staircase to the Orcish Mines.
  9328 | D:9      | Found a sparkling altar of Nemelex Xobeh.
  9348 | D:9      | Noticed Erolcha
  9359 | D:9      | Killed Erolcha
  9640 | D:9      | Noticed a two-headed ogre
  9650 | D:9      | Killed a two-headed ogre
  9805 | D:9      | Reached skill level 5 in Conjurations
  9805 | D:9      | Reached skill level 5 in Hexes
  9805 | D:9      | Reached skill level 5 in Summonings
  9805 | D:9      | Reached skill level 5 in Necromancy
  9805 | D:9      | Reached skill level 5 in Translocations
  9805 | D:9      | Reached skill level 5 in Transmutations
  9805 | D:9      | Reached skill level 5 in Fire Magic
  9805 | D:9      | Reached skill level 5 in Air Magic
  9805 | D:9      | Reached skill level 5 in Earth Magic
  9805 | D:9      | Reached skill level 5 in Poison Magic
  9819 | D:9      | Reached XP level 11. HP: 72/81 MP: 12/22
  9823 | D:9      | Reached skill level 8 in Spellcasting
 10003 | D:10     | Entered Level 10 of the Dungeon
 10246 | D:10     | Noticed a two-headed ogre
 10256 | D:10     | Killed a two-headed ogre
 10686 | D:11     | Found a staircase to the Lair.
 10687 | D:11     | Noticed an oklob plant
 10751 | D:11     | Noticed a manticore
 10773 | D:11     | Killed a manticore
 11089 | D:11     | Got the Handbook of Elsewhere
 11093 | D:11     | Found Qitiabes's Antique Weapon Boutique.
 11112 | D:11     | Noticed Josephine
 11125 | D:11     | Noticed Lodul
 11127 | D:11     | Killed Josephine
 11128 | D:11     | Reached XP level 12. HP: 57/91 MP: 20/24
 11145 | D:11     | Noticed Psyche
 11310 | D:11     | Noticed Snorg
 11327 | D:11     | Killed Snorg
 11328 | D:11     | Reached skill level 9 in Spellcasting
 11442 | D:11     | Killed Psyche
 11483 | D:11     | Killed Lodul
 12280 | D:11     | Learned a level 5 spell: Summon Forest
 12442 | Lair:1   | Entered Level 1 of the Lair of Beasts
 12679 | Lair:1   | Noticed Sonja
 12689 | Lair:1   | Killed Sonja
 12984 | Lair:1   | Noticed Erica
 12994 | Lair:1   | Killed Erica
 13584 | Lair:2   | Noticed Maggie
 13600 | Lair:2   | Killed Maggie
 13737 | Lair:2   | Noticed a boulder beetle
 13776 | Lair:2   | Killed a boulder beetle
 13890 | Lair:2   | Reached XP level 13. HP: 98/98 MP: 21/26
 13906 | Lair:2   | Found a hole to the Spider Nest.
 14030 | Lair:2   | Reached skill level 10 in Ice Magic
 14820 | Lair:3   | Reached skill level 10 in Spellcasting
 15199 | Lair:3   | Reached skill level 10 in Dodging
 15519 | Lair:3   | Found a staircase to the Shoals.
 16043 | Lair:4   | Reached skill level 10 in Stealth
 16349 | Lair:4   | Found a viscous altar of Jiyva.
 16349 | Lair:4   | Found a staircase to the Slime Pits.
 16460 | Lair:4   | Reached XP level 14. HP: 105/108 MP: 25/28
 16545 | Lair:4   | Reached skill level 10 in Invocations
 16779 | Lair:4   | Found a runed translucent door.
 16780 | Lair:4   | Noticed rigao's ghost (journeyman GrNe)
 17226 | Lair:5   | Entered Level 5 of the Lair of Beasts
 17700 | Lair:5   | Found a runed translucent gate.
 17700 | Lair:5   | Found a runed translucent gate.
 17700 | Lair:5   | Found a runed translucent gate.
 17805 | Lair:5   | Noticed flestrin's ghost (journeyman TrBe)
 18584 | Lair:5   | Reached skill level 11 in Spellcasting
 19284 | Orc:1    | Entered Level 1 of the Orcish Mines
 19576 | Orc:1    | Found a transporter.
 19632 | Orc:1    | Found a transporter.
 19708 | Orc:1    | Found a runed translucent door.
 19708 | Orc:1    | Found a bloodstained altar of Trog.
 19708 | Orc:1    | Found the necklace of Bloodlust {Fury *Rage Will++ Int-3
                  | Slay+6}
 19710 | Orc:1    | Noticed a deep elf annihilator
 19710 | Orc:1    | Noticed a deep elf annihilator
 19725 | Orc:1    | Noticed a stone giant
 19741 | Orc:1    | Slain by a stone giant

Illustrated notes

Levels and vault maps discovered:
D:1:      saegor_arrival_fortress, layout_basic
D:2:      layout_loops_ring, serial_shops, shop, minmay_tetromino_i4,
          uniq_crazy_yiuf_cottage, uniq_jessica
D:3:      layout_loops_ring, serial_shops, nicolae_shop_trees
D:4:      layout_basic
D:5:      layout_loops_ring, grunt_decor_clamped, dk_noncrumbling_3,
          chequers_garden, grunt_decor_one_mirror
D:6:      layout_gridville, minmay_temple_entry_mini_moons, minivault_26
D:7:      layout_gridville, enter_ossuary_3, st_stairs_4
D:8:      layout_loops_ring, uniq_maurice, uniq_amaemon
D:9:      layout_gridville, nemelex_spade_bored_becter, david_orc_4,
          uniq_erolcha
D:10:     layout_basic
D:11:     layout_cave_pools, dpeg_oklobed_lair, serial_shops,
          kennysheep_little_box, special_room [special_room_bee],
          uniq_josephine, uniq_psyche, uniq_lodul, uniq_snorg
Temple:   compressed_dpeg_circular_temple
Lair:1:   layout_long_grid, chequers_serial_rivers_room_b,
          chequers_serial_rivers_small_b, infiniplex_staircase_pool_2,
          grunt_megastairs_2, uniq_erica, uniq_sonja
Lair:2:   layout_big_grid, spider_nest_entry_rubble, cheibrodos_lair_lostbears,
          uniq_maggie
Lair:3:   layout_gridlike, elwin_shoals_entry_rocks
Lair:4:   layout_regular_city, slime_entry_1, ebering_ghost_reflecting_pool,
          ice2_lemuel, grunt_megastairs_1
Lair:5:   minmay_lair_end_frog_pond, layout_regular_city, gammafunk_ghost_split
Orc:1:    emtedronai_trogs_sanctum, layout_caves, basic_altar

Skill      XL: |  1  2  3  4  5  6  7  8  9 10 11 12 13 14 |
---------------+-------------------------------------------+-----
Spellcasting   | 5 6 7 8 9 10 11 | 11.0
Invocations    | 1 2 3 4 5 6 7 8 9 10 | 10.7
Fighting       | 1 2 3 5 6 7 8 9 |  9.8
Short Blades   | 1 2 3 5 6 7 8 9 |  9.8
Long Blades    | 1 2 3 5 6 7 8 9 |  9.8
Axes           | 1 2 3 5 6 7 8 9 |  9.8
Maces & Flails | 1 2 3 5 6 7 8 9 |  9.8
Polearms       | 1 2 3 5 6 7 8 9 |  9.8
Staves         | 1 2 3 5 6 7 8 9 |  9.8
Ranged Weapons | 1 2 3 5 6 7 8 9 |  9.8
Throwing       | 1 2 3 5 6 7 8 9 |  9.8
Armour         | 1 2 3 5 6 7 8 9 |  9.8
Shields        | 1 2 3 5 6 7 8 9 |  9.8
Unarmed Combat | 1 2 3 5 6 7 8 9 |  9.8
Evocations     | 1 2 3 5 6 7 8 9 |  9.8
Conjurations   | 1 2 3 4 5 6 7 8 |  8.2
Hexes          | 1 2 3 4 5 6 7 8 |  8.2
Summonings     | 1 2 3 4 5 6 7 8 |  8.2
Necromancy     | 1 2 3 4 5 6 7 8 |  8.3
Translocations | 1 2 3 4 5 6 7 8 |  8.2
Transmutations | 1 2 3 4 5 6 7 8 |  8.2
Fire Magic     | 1 2 3 4 5 6 7 8 |  8.2
Air Magic      | 1 2 3 4 5 6 7 8 |  8.2
Earth Magic    | 1 2 3 4 5 6 7 8 |  8.2
Poison Magic   | 1 2 3 4 5 6 7 8 |  8.2
Dodging        | 5 6 7 8 9 10 | 10.9
Stealth        | 5 6 7 8 9 10 | 10.7
Ice Magic      | 8 9 10 | 10.9

Action                     |  1- 3 |  4- 6 |  7- 9 | 10-12 | 13-15 || total
---------------------------+-------+-------+-------+-------+-------++-------
  Melee: Unarmed           |     2 |       |       |       |       ||     2
         Dagger            |     1 |       |       |       |       ||     1
         Staff             |     2 |    12 |   106 |   233 |    34 ||   387
         Bite              |       |     1 |    37 |    66 |    76 ||   180
         Spear             |       |       |   117 |    67 |       ||   184
         Punch             |       |       |     9 |       |       ||     9
         War axe           |       |       |       |       |   442 ||   442
   Cast: Freeze            |    40 |    45 |    38 |       |       ||   123
         Frozen Ramparts   |     1 |    11 |    31 |    56 |    66 ||   165
         Ozocubu's Armour  |     1 |     5 |    20 |    39 |    38 ||   103
         Summon Ice Beast  |       |       |     3 |    15 |     5 ||    23
         Tukima's Dance    |       |       |     2 |     3 |       ||     5
         Summon Forest     |       |       |       |    12 |     4 ||    16
  Evoke: Wand              |       |       |       |    12 |    11 ||    23
    Use: Scroll            |       |     4 |    12 |     9 |     4 ||    29
         Potion            |       |       |       |       |     1 ||     1
   Stab: Paralysed         |       |       |    13 |    30 |    52 ||    95
         Sleeping          |       |       |     1 |       |     6 ||     7
         Distracted        |       |       |       |     3 |     1 ||     4
         Petrifying        |       |       |       |       |     1 ||     1
         Petrified         |       |       |       |       |     1 ||     1
         Betrayed ally     |       |       |       |       |     1 ||     1
 Armour: Robe              |     4 |     2 |       |       |       ||     6
         Leather armour    |       |    15 |    90 |    71 |   141 ||   317
  Dodge: Dodged            |    25 |    45 |   162 |   133 |   278 ||   643
  Block: Buckler           |       |       |    10 |   132 |   278 ||   420
         Reflection        |       |       |       |     3 |       ||     3

Table legend: (Time is in decaauts)
 A = Elapsed time spent in this place.
 B = Non-inter-level travel time spent in this place.
 C = Inter-level travel time spent in this place.
 D = Time resting spent in this place.
 E = Time spent auto-exploring this place.
 F = Levels seen in this place.
 G = Mean time per level.
                   A        B        C        D        E       F      G
               +--------+--------+--------+--------+--------+-----+--------+
         Total |  19797 |  18852 |    945 |    364 |  14316 |  19 | 1041.9 |
       Dungeon |  11955 |  11242 |    713 |    364 |   8973 |  11 | 1086.8 |
        Temple |     98 |     75 |     23 |      0 |     43 |   1 |   98.0 |
          Lair |   6853 |   6645 |    208 |      0 |   4746 |   5 | 1370.6 |
  Orcish Mines |    455 |    455 |      0 |      0 |    248 |   1 |  455.0 |
       Ossuary |    434 |    434 |      0 |      0 |    306 |   1 |  434.0 |
               +--------+--------+--------+--------+--------+-----+--------+

Top non-repeatable levels by time:
  Lair:5: 1968 daAuts
    D:11: 1779 daAuts
  Lair:3: 1478 daAuts
     D:9: 1466 daAuts
  Lair:4: 1273 daAuts
     D:4: 1198 daAuts
     D:2: 1173 daAuts
  Lair:2: 1143 daAuts
     D:5: 1097 daAuts
     D:8: 1029 daAuts
  Lair:1: 989 daAuts
     D:3: 914 daAuts
     D:6: 890 daAuts
     D:7: 873 daAuts
     D:1: 856 daAuts
